 Dungeon Crawl Stone Soup version 0.30-a0-782-ge64f9170bb (webtiles) character file.

Game seed: 17929708544461308982

43 mopl the Grasshopper (level 3, -5/21 HPs)
             Began as a Deep Elf Warper on Mar 16, 2023.
             Killed by nerve-wracking pain
             ... invoked by Jessica
              (9 damage)
             ... on level 3 of the Dungeon.
             The game lasted 00:02:39 (1734 turns).

mopl the Grasshopper (Deep Elf Warper)              Turns: 1734, Time: 00:02:40

Health: -5/21      AC:  5    Str: 10    XL:     3   Next: 37%
Magic:  9/9        EV: 11    Int: 17    God:
Gold:   54         SH:  0    Dex: 14    Spells: 1/8 levels left

rFire   . . .      SeeInvis .    a - +0 short sword
rCold   . . .      Faith    .    (no shield)
rNeg    . . .      Spirit   .    p - +0 ring mail
rPois   .          Reflect  .    (no helmet)
rElec   .          Harm     .    (no cloak)
rCorr   .          Rampage  .    (no gloves)
Will    .....                    (no boots)
Stlth   +                        (no amulet)
HPRegen 0.23/turn                (no ring)
MPRegen 0.11/turn                (no ring)

@: slowed, very slow
A: no striking features
a: no special abilities


You were on level 3 of the Dungeon.
You visited 1 branch of the dungeon, and saw 3 of its levels.

You collected 54 gold pieces.

Inventory:

Hand Weapons
 a - a +0 short sword (weapon)
Missiles
 d - 7 boomerangs of dispersal (quivered)
Armour
 p - a +0 ring mail (worn)
Scrolls
 c - a scroll of blinking
 e - a scroll of teleportation {unknown}
 f - a scroll of fog {unknown}
 i - a scroll of brand weapon {unknown}
 j - a scroll of enchant weapon {unknown}
 k - a scroll of fear {unknown}
 q - a scroll of poison {unknown}
Potions
 b - 2 potions of degeneration {unknown}
 g - a potion of resistance {unknown}
 h - 2 potions of heal wounds {unknown}
 l - 2 potions of mutation {unknown}
 m - a potion of cancellation {unknown}
 n - a potion of curing {unknown}
 o - a potion of attraction {unknown}


   Skills:
 + Level 1.8 Fighting
 * Level 2.7 Short Blades
 - Level 1.0 Throwing
 + Level 1.0 Armour
 + Level 2.8 Dodging
 + Level 3.4 Spellcasting
 + Level 3.6 Translocations


You had one spell level left.
You knew the following spells:

 Your Spells              Type           Power      Damage    Failure   Level
b - Lesser Beckoning      Tloc           30%        N/A       14%         2
e - Blink                 Tloc           30%        N/A       14%         2
t - Teleport Other        Tloc           15%        N/A       28%         3

Your spell library contained the following spells:

 Spells                   Type           Power      Damage    Failure   Level
 Vhi's Electric Charge    Tloc/Air       18%        N/A       52%         3
 Manifold Assault         Tloc           15%        N/A       67%         4


Dungeon Overview and Level Annotations

Branches:
Dungeon (3/15)

Altars:

Annotations:
D:2 Terence
D:3 Jessica


Message History

The slug dart hits you.
You hit the dart slug.
The dart slug is heavily wounded.
The dart slug bites you but does no damage.
You barely miss the dart slug.
The dart slug is heavily wounded.
You hit the dart slug.
The dart slug is almost dead.
The dart slug bites you.
You hit the dart slug but do no damage.
The dart slug is almost dead.
You hit the dart slug.
You kill the dart slug!
No target in view!
Found a mace.
HP restored.
Jessica the Apprentice Sorceress comes into view.
She is wielding a +0 club.
Jessica points at you and mumbles some strange words.
You resist with some effort.
Jessica casts a spell.
Jessica seems to speed up.
You barely miss Jessica.
Jessica mumbles something strange.
Jessica mumbles some strange words.
Jessica blinks!
Jessica casts a spell at you.
You feel yourself slow down.
Jessica points at you and mumbles some strange words.
Pain shoots through your body!
Jessica casts a spell.
Jessica blinks!
Jessica gestures at you while chanting. Pain shoots through your body!
Ouch! That really hurt!
* * * LOW HITPOINT WARNING * * *
You are too injured to fight recklessly!
You are too injured to fight recklessly!
Jessica points at you and mumbles some strange words.
Pain shoots through your body!
You die...

#######.##......#
#.........#
####......##### .
####.......# ..
#.#####.# ...
.#######.#####.###....
.........##...........
........###....@......
.###.......@..........
#.#................
#.######........### #
......##### ######.#
...# #..# ...#


You could see Jessica (fast).

Vanquished Creatures
  An adder (D:2)
  A worm (D:2)
  A dart slug (D:3)
  3 bats
  A giant cockroach (D:1)
  4 goblins
  6 hobgoblins
  2 kobolds (D:1)
  3 ball pythons
  A frilled lizard (D:1)
  4 rats
27 creatures vanquished.

Notes
Turn   | Place    | Note
-------+----------+-------------------------------------------
     0 | D:1      | mopl the Deep Elf Warper began the quest for the Orb.
     0 | D:1      | Reached XP level 1. HP: 12/12 MP: 6/6
   188 | D:1      | Reached XP level 2. HP: 15/17 MP: 8/8
   191 | D:1      | Learned a level 2 spell: Blink
   194 | D:1      | Learned a level 2 spell: Lesser Beckoning
  1138 | D:2      | Reached skill level 1 in Armour
  1138 | D:2      | Reached XP level 3. HP: 4/21 MP: 9/9
  1217 | D:2      | Learned a level 3 spell: Teleport Other
  1260 | D:2      | Noticed Terence
  1727 | D:3      | Noticed Jessica
  1734 | D:3      | Killed from afar by Jessica

Illustrated notes

Levels and vault maps discovered:
D:1:      dreamdust_arrival_sigmund_warning, layout_basic
D:2:      layout_basic, basic_altar, uniq_terence
D:3:      layout_basic, fedhas_altar_4, nicolae_overflow_hidden_temple,
          uniq_sigmund, uniq_jessica

Skill      XL: |  1  2 |
---------------+-------+-----
Armour         | 1 |  1.0
Fighting       | |  1.8
Short Blades   | |  2.7
Throwing       | |  1.0
Dodging        | |  2.8
Spellcasting   | |  3.4
Translocations | |  3.6

Action                     || total
---------------------------++-------
  Melee: Short sword       ||   155
         Punch             ||     1
   Stab: Sleeping          ||     1
 Armour: Leather armour    ||    27
         Ring mail         ||    11
  Dodge: Dodged            ||    97

Table legend: (Time is in decaauts)
 A = Elapsed time spent in this place.
 B = Non-inter-level travel time spent in this place.
 C = Inter-level travel time spent in this place.
 D = Time resting spent in this place.
 E = Time spent auto-exploring this place.
 F = Levels seen in this place.
 G = Mean time per level.
                   A        B        C        D        E       F      G
               +--------+--------+--------+--------+--------+-----+--------+
         Total |   1715 |   1649 |     66 |    122 |   1171 |   3 |  571.7 |
       Dungeon |   1715 |   1649 |     66 |    122 |   1171 |   3 |  571.7 |
               +--------+--------+--------+--------+--------+-----+--------+

Top non-repeatable levels by time:
     D:1: 1133 daAuts
     D:2: 507 daAuts
     D:3: 74 daAuts
